 Dungeon Crawl Stone Soup version 0.22.1-1-ga44c0e56f4 (webtiles) character file.

42 CaptainPlanet the Magician (level 3, -8/19 HPs)
             Began as a Deep Elf Wizard on Oct 17, 2018.
             Killed by divine providence
             ... invoked by an orc priest
              (13 damage)
             ... on level 1 of the Dungeon.
             The game lasted 00:08:48 (1763 turns).

CaptainPlanet the Magician (Deep Elf Wizard)        Turns: 1763, Time: 00:08:49

Health: -8/19      AC:  3    Str:  4    XL:     3   Next: 35%
Magic:  5/12       EV: 13    Int: 23    God:
Gold:   45         SH:  0    Dex: 13    Spells: 1/14 levels left

rFire    . . .     SeeInvis .   h - +0 dagger
rCold    . . .     Gourm    .   (no shield)
rNeg     . . .     Faith    .   a - +0 robe
rPois    .         Spirit   .   b - +0 hat
rElec    .         Reflect  .   (no cloak)
rCorr    .         Harm     .   g - +0 pair of gloves
MR       .....                  (no boots)
Stlth    ++........             (no amulet)
HPRegen  0.06/turn              (no ring)
MPRegen  0.13/turn              (no ring)

@: no status effects
A: no striking features
a: no special abilities


You were on level 1 of the Dungeon.
You were not hungry.

You visited 1 branch of the dungeon, and saw 2 of its levels.

You collected 45 gold pieces.

Inventory:

Hand Weapons
 h - a +0 dagger (weapon)
Armour
 a - a +0 robe (worn)
 b - a +0 hat (worn)
 g - a +0 pair of gloves (worn)
Scrolls
 e - 2 scrolls of immolation {unknown}
 i - 2 scrolls of identify {unknown}
Potions
 c - a potion of mutation {unknown}
 f - a potion of flight {unknown}
 j - a potion of invisibility {unknown}
Comestibles
 d - a ration


   Skills:
 + Level 2.4 Dodging
 + Level 2.5 Stealth
 + Level 0.1 Unarmed Combat
 * Level 6.0 Spellcasting
 + Level 1.4 Conjurations
 + Level 1.1 Summonings
 + Level 1.1 Translocations


You had one spell level left.
You knew the following spells:

 Your Spells              Type           Power        Failure   Level  Hunger
a - Magic Dart            Conj           ##..         4%          1    None
b - Blink                 Tloc           N/A          9%          2    None
c - Conjure Flame         Conj/Fire      ##......     19%         3    #......
d - Mephitic Cloud        Conj/Pois/Air  #.......     22%         3    #......
e - Slow                  Hex            #.......     13%         2    None
f - Call Imp              Summ           ##......     9%          2    None

Your spell library contained the following spells:

 Spells                   Type           Power        Failure   Level  Hunger


Dungeon Overview and Level Annotations

Branches:
Dungeon (2/15)

Altars:

Annotations:
D:2 Natasha


Message History

Casting: Magic Dart (safe; 4% risk of failure)
Confirm with . or Enter, or press ? or * to list all spells.
Aiming: Slow (safe; 13% risk of failure)
Press: ? - help, Shift-Dir - straight line, f/p - orc priest
Aim: an orc priest, wielding a dagger (lightly wounded, chance to defeat MR: The orc priest resists with some effort.
The orc priest mumbles some strange prayers to Beogh against you.
Beogh smites you!
* * * LOW HITPOINT WARNING * * *
Casting: Slow (safe; 13% risk of failure)
Confirm with . or Enter, or press ? or * to list all spells.
You blink.
Casting: Blink (safe; 9% risk of failure)
Confirm with . or Enter, or press ? or * to list all spells.
You blink.
The orc priest miscasts a cantrip.
The orc priest mumbles some strange prayers to Beogh against you.
Beogh smites you!
Ouch! That really hurt!
You die...

##..###...#..# #############..
.##.####..##.# #..........##..
.##.....#.##.### #..........##..
.######........####..........##..
.÷.##.........................#..
.#.÷................)......##....
.#.#................##.##..####..
##............).....##.###.......
###............@....#.# ######..
##......###..####...# ####..
#.......###.# ##.## ##.....
####..#...o.#####.#####..##..
#..............##.......###..
#..........#...#.........##.#
#...................####..#.#
####.................# ##...#
#....#............# #....


You could see an orc priest.

Vanquished Creatures
  An adder (D:2)
  A dart slug (D:1)
  A ball python (D:1)
  A giant cockroach (D:1)
  3 goblins (D:1)
  4 hobgoblins
  5 jackals (D:1)
  4 kobolds
  4 bats (D:1)
  2 frilled lizards
  4 rats (D:1)
30 creatures vanquished.

Vanquished Creatures (others)
  4 toadstools (D:1)
4 creatures vanquished.

Grand Total: 34 creatures vanquished

Notes
Turn   | Place    | Note
-------+----------+-------------------------------------------
     0 | D:1      | CaptainPlanet the Deep Elf Wizard began the quest for the
                  | Orb.
     0 | D:1      | Reached XP level 1. HP: 10/10 MP: 7/7
   179 | D:1      | Reached skill level 5 in Spellcasting
   182 | D:1      | Reached XP level 2. HP: 15/15 MP: 2/10
   524 | D:1      | Learned a level 2 spell: Blink
   706 | D:1      | Reached XP level 3. HP: 19/19 MP: 7/12
  1152 | D:2      | Noticed Natasha
  1481 | D:1      | Learned a level 3 spell: Conjure Flame
  1485 | D:1      | Learned a level 3 spell: Mephitic Cloud
  1488 | D:1      | Learned a level 2 spell: Slow
  1491 | D:1      | Learned a level 2 spell: Call Imp
  1654 | D:2      | Reached skill level 6 in Spellcasting
  1763 | D:1      | Killed from afar by an orc priest

Skill      XL: |  1  2  3 |
---------------+----------+-----
Spellcasting   | 5 6 |  6.0
Dodging        | |  2.4
Stealth        | |  2.5
Unarmed Combat | |  0.1
Conjurations   | |  1.4
Summonings     | |  1.1
Translocations | |  1.1

Action                   || total
-------------------------++-------
Melee: Unarmed           ||     9
       Dagger            ||    17
 Cast: Magic Dart        ||    74
       Blink             ||     6
       Conjure Flame     ||     1
       Slow              ||     1
       Mephitic Cloud    ||     1
  Eat: Ration            ||     1
Armor: Robe              ||     9
Dodge: Dodged            ||    37
